 Dungeon Crawl Stone Soup version 0.30-a0-918-g0ff054e9dc (webtiles) character file.

Game seed: 18069751698392940318

270 Darius099 the Sneak (level 6, -3/42 HPs)
             Began as an Octopode Brigand on Mar 20, 2023.
             Slain by an orc wizard
             ... wielding a +0 spear
              (5 damage)
             ... on level 3 of the Dungeon.
             The game lasted 00:04:44 (1723 turns).

Darius099 the Sneak (Octopode Brigand)              Turns: 1723, Time: 00:04:45

Health: -3/42      AC:  1    Str: 10    XL:     6   Next: 22%
Magic:  6/6        EV: 11    Int: 13    God:
Gold:   78         SH: 10    Dex: 16    Spells: 2/5 levels left

rFire   . . .      SeeInvis .    a - +2 dagger
rCold   . . .      Faith    .    d - +2 kite shield {reflect}
rNeg    . . .      Spirit   .    (helmet restricted)
rPois   .          Reflect  +    (no amulet)
rElec   +          Rampage  .    (no ring)
rCorr   .                        (no ring)
Will    .....                    (no ring)
Stlth   +++++                    (no ring)
HPRegen 0.27/turn                (no ring)
MPRegen 0.10/turn                (no ring)
                                 (no ring)
                                 (no ring)

@: no status effects
A: almost no armour, amphibious, 8 rings, camouflage 1, gelatinous body 1,
(nimble swimmer 1), tentacles, electricity resistance, wild magic 1
a: no special abilities


You were on level 3 of the Dungeon.
You visited 1 branch of the dungeon, and saw 3 of its levels.

You collected 78 gold pieces.

Inventory:

Hand Weapons
 a - a +2 dagger (weapon)
Missiles
 b - 9 poisoned darts (quivered)
 c - 3 curare-tipped darts
Armour
 d - a +2 kite shield of reflection (worn)
Jewellery
 e - a ring of positive energy
 i - a ring of poison resistance
Wands
 k - a wand of flame (11)
 l - a wand of light (4)
Scrolls
 j - 2 scrolls of blinking {unknown}
 m - a scroll of magic mapping {unknown}
 o - a scroll of identify {unknown}
Potions
 f - a potion of invisibility {unknown}
 n - a potion of degeneration {unknown}
 p - a potion of lignification {unknown}


   Skills:
 + Level 3.6 Fighting
 + Level 3.5 Short Blades
 - Level 2.0 Throwing
 - Level 1.1 Dodging
 + Level 7.0 Stealth
 + Level 2.3 Shields


You had 2 spell levels left.
You knew the following spells:

 Your Spells              Type           Power      Damage    Failure   Level
a - Confusing Touch       Hex            0%         N/A       98%         3

Your spell library contained the following spells:

 Spells                   Type           Power      Damage    Failure   Level
 Kiss of Death            Conj/Necr      0%         2d5       77%         1
 Sting                    Tmut/Pois      0%         1d3       77%         1
 Poisonous Vapours        Pois/Air       0%         N/A       88%         2
 Dazzling Flash           Conj/Hex       0%         N/A       98%         3
 Dispel Undead            Necr           0%         3d6       100%        4
 Olgreb's Toxic Radiance  Pois           0%         N/A       100%        4
 Agony                    Necr           0%         N/A       100%        5
 Silence                  Hex/Air        0%         N/A       100%        5


Dungeon Overview and Level Annotations

Branches:
Dungeon (3/15)

Altars:


Innate Abilities, Weirdness & Mutations

You cannot wear most types of armour.
You are amphibious.
You can wear up to eight rings at the same time.
Your skin changes colour to match your surroundings (Stealth+).
Your rubbery body absorbs attacks. (AC +1, EV +1)
((You are camouflaged when in or above water. (Stealth+)))
You have tentacles for arms and can constrict up to eight enemies at once.
You are resistant to electric shocks. (rElec)
Your spells are a little harder to cast, but a little more powerful.


Message History

You constrict the orc.
You kill the orc!
You block the orc wizard's attack.
The orc wizard gestures at you while chanting.
You resist with some effort. The orc wizard barely misses you.
You hit something. Your squeeze misses something.
The orc wizard gestures wildly while chanting.
The orc wizard flickers and vanishes!
Something hits you.
You miss something. You block something's attack.
You hear some strange, mumbled words.
A puff of flame appears from out of thin air!
The puff of flame hits you.
* * * LOW HITPOINT WARNING * * *
You hit something but do no damage. You block something's attack.
A magic dart appears from out of thin air!
The magic dart hits something.
You hit something.
Reactivating autopickup.
You feel a bit more experienced. Something hits you.
* * * LOW HITPOINT WARNING * * *
Deactivating autopickup; reactivate with Ctrl-A.
Your Stealth skill increases to level 7!
Something hits you.
* * * LOW HITPOINT WARNING * * *
Items here: $ ))) [[ ††.
You barely miss something. Something hits you.
* * * LOW HITPOINT WARNING * * *
It was a potion of mutation.
You feel extremely strange.
You feel less in control of your magic.
You feel insulated.
You hear some strange, mumbled words.
A puff of flame appears from out of thin air!
Your +2 kite shield of reflection reflects the puff of flame!
The puff of flame hits something.
It was a potion of curing.
You feel better. Something hits you.
* * * LOW HITPOINT WARNING * * *
You miss something. You squeeze something. Something hits you.
* * * LOW HITPOINT WARNING * * *
You barely miss something. Something hits you.
You die...

## ### . #... .#
#.
#....#####.#....
......)......o#
#....##..#
#..{.# ####@)#
#...#..##
#..##...#...#
#......###..#
#.##..#...#..#
#.##..#...#...#
##....##...#...#
#...##..###.###.
.....#.........


There were no monsters in sight!

Vanquished Creatures
  Sigmund (D:3)
  Terence (D:3)
  2 orc wizards (D:3)
  3 dart slugs
  2 orcs (D:3)
  5 ball pythons
  An endoplasm (D:1)
  3 giant cockroaches (D:1)
  4 goblins
  2 hobgoblins (D:1)
  4 jackals (D:2)
  2 kobolds
  2 quokkas
  4 bats
  3 rats
39 creatures vanquished.

Notes
Turn   | Place    | Note
-------+----------+-------------------------------------------
     0 | D:1      | Darius099 the Octopode Brigand began the quest for the Orb.
     0 | D:1      | Reached XP level 1. HP: 14/14 MP: 1/1
    68 | D:1      | Reached XP level 2. HP: 19/19 MP: 2/2
   451 | D:1      | Reached XP level 3. HP: 25/25 MP: 3/3
   560 | D:2      | Identified a scroll of acquirement
   560 | D:2      | Acquired a +2 kite shield of reflection
   781 | D:2      | Found a faded altar of an unknown god.
  1483 | D:3      | Noticed Sigmund
  1487 | D:3      | Noticed Terence
  1493 | D:3      | Killed Sigmund
  1494 | D:3      | Reached skill level 6 in Stealth
  1494 | D:3      | Reached XP level 4. HP: 31/31 MP: 4/4
  1494 | D:3      | Reached XP level 5. HP: 36/36 MP: 5/5
  1506 | D:3      | Killed Terence
  1507 | D:3      | Reached XP level 6. HP: 14/42 MP: 6/6
  1657 | D:3      | Learned a level 3 spell: Confusing Touch
  1718 | D:3      | Reached skill level 7 in Stealth
  1718 | D:3      | HP: 2/42 [something (3)]
  1720 | D:3      | Gained mutation: Your spells are a little harder to cast,
                  | but a little more powerful. [potion of mutation]
  1720 | D:3      | Gained mutation: You are resistant to electric shocks.
                  | (rElec) [potion of mutation]
  1723 | D:3      | Slain by an orc wizard

Illustrated notes

Levels and vault maps discovered:
D:1:      mainiacjoe_arrival_reflecting_pool, layout_rooms,
          chequers_serial_rivers_large_a
D:2:      layout_basic, ebering_ecumenical_altar_petrified
D:3:      layout_loops_cross, xom_confusion_cloud, portal_sewer_entry_e,
          glass_columns_a, nicolae_titane, uniq_sigmund, uniq_terence

Skill      XL: |  1  2  3  4  5  6 |
---------------+-------------------+-----
Fighting       | 3 |  3.6
Short Blades   | 3 |  3.5
Stealth        | 6 7 |  7.0
Shields        | 2 |  2.3
Throwing       | |  2.0
Dodging        | |  1.1

Action                     |  1- 3 |  4- 6 || total
---------------------------+-------+-------++-------
  Melee: Dagger            |    55 |    35 ||    90
         Tentacles         |    12 |    10 ||    22
         Constrict         |     8 |     5 ||    13
    Use: Scroll            |     3 |       ||     3
         Potion            |       |     2 ||     2
   Stab: Sleeping          |    15 |       ||    15
 Armour: Skin              |     4 |       ||     4
  Dodge: Dodged            |    27 |    16 ||    43
  Block: Kite shield       |       |    13 ||    13
         Reflection        |       |     2 ||     2

Table legend: (Time is in decaauts)
 A = Elapsed time spent in this place.
 B = Non-inter-level travel time spent in this place.
 C = Inter-level travel time spent in this place.
 D = Time resting spent in this place.
 E = Time spent auto-exploring this place.
 F = Levels seen in this place.
 G = Mean time per level.
                   A        B        C        D        E       F      G
               +--------+--------+--------+--------+--------+-----+--------+
         Total |   1713 |   1624 |     89 |     56 |   1236 |   3 |  571.0 |
       Dungeon |   1713 |   1624 |     89 |     56 |   1236 |   3 |  571.0 |
               +--------+--------+--------+--------+--------+-----+--------+

Top non-repeatable levels by time:
     D:2: 926 daAuts
     D:1: 541 daAuts
     D:3: 246 daAuts
